 Dungeon Crawl Stone Soup version 0.30.1-4-g462c640d31 (webtiles) character file.

Game seed: 6368770995270753730

1807744 LordWeiramon the Swordmaster (level 27, 249/249 HPs)
             Began as a Barachi Brigand on Sept 17, 2023.
             Was the Champion of Cheibriados.
             Escaped with the Orb
             ... and 3 runes!
             The game lasted 05:30:56 (58227 turns).

LordWeiramon the Swordmaster (Barachi Brigand)     Turns: 58227, Time: 05:30:57

Health: 249/249    AC: 47    Str: 35      XL:     27
Magic:  30/30      EV: 33    Int: 27 (29) God:    Cheibriados [******]
Gold:   1298       SH: 43    Dex: 43      Spells: 20/26 levels left

rFire   + + +        a - +8 double sword (freeze)
rCold   + . .        p - +10 tower shield of Ignorance {rN+ Int-4}
rNeg    + + .        O - +8 orange crystal plate armour {Archmagi, Int+3 Clar}
rPois   +            r - +1 helmet "Duzul" {rPois rF+}
rElec   .            F - scarf {rC+ rF+}
rCorr   .            Z - +0 pair of gloves of Disappointment {rF++ Regen+ Str+3 Int+3}
SInv    .            W - +2 pair of boots {Fly}
Will    ++++.        y - amulet of reflection Stlth
                     j - ring of Urghepn {rPois Will++}
HPRegen 1.41/turn    Y - ring of Ridyige {rF+ rN+ Str+2 Dex+3 Slay+4}
MPRegen 0.22/turn

%: reflection, clarity, archmagi
@: flying, studying 4 skills, very slow
A: amphibious, slowness 1, strong legs 2, +LOS, talons 1, clarity, deterioration
1, screaming 1
0: Orb of Zot
}: 3/15 runes: serpentine, barnacled, abyssal
a: Hop, Renounce Religion, Bend Time, Temporal Distortion, Slouch, Step From
Time


You escaped.
You worshipped Cheibriados.
Cheibriados was exalted by your worship.
You visited 10 branches of the dungeon, and saw 47 of its levels.
You visited the Abyss 1 time.
You visited 1 bazaar.
You also visited: Bailey, Ice Cave and Desolation.

You collected 6207 gold pieces.
You spent 4909 gold pieces at shops.

Inventory:

Hand Weapons
 a - a +8 double sword of freezing (weapon)
 b - the +10 rapier of the Philosopher {flame, rElec Dex+3}
   (You took it off a naga on level 1 of the Snake Pit)

   Dex:       It affects your dexterity (+3).
   rElec:     It insulates you from electricity.
Missiles
 e - 7 curare-tipped darts
 A - 13 boomerangs (quivered)
 D - 6 silver javelins
 J - 6 throwing nets
 P - 2 silver boomerangs
 S - 10 javelins
Armour
 p - the +10 tower shield of Ignorance (worn) {rN+ Int-4}
   (You acquired it on level 3 of the Snake Pit)

   Int:       It affects your intelligence (-4).
   rN:        It protects you from negative energy.
 r - the +1 helmet "Duzul" (worn) {rPois rF+}
   (You bought it in a shop in a bazaar)

   rF:        It protects you from fire.
   rPois:     It protects you from poison.
 u - the +3 hat of Pondering {ponderous, Will+ MP+10 Int+5}
   (You took it off Gastronok on level 3 of the Lair of Beasts)

   Int:       It affects your intelligence (+5).
   MP:        It affects your magic capacity (+10).
   Will:      It increases your willpower.
 F - a scarf of resistance (worn)
 O - the +8 orange crystal plate armour (worn) {Archmagi, Int+3 Clar}
   (You found it on level 3 of the Snake Pit)

   Int:       It affects your intelligence (+3).
   Clar:      It protects you from confusion, rage, mesmerisation and fear.
 W - a +2 pair of boots of flying (worn)
 Z - the +0 pair of gloves of Disappointment (worn) {rF++ Regen+ Str+3 Int+3}
   (You found it on level 4 of the Depths)

   Str:       It affects your strength (+3).
   Int:       It affects your intelligence (+3).
   rF:        It greatly protects you from fire.
   Regen:     It increases your rate of health regeneration.
Jewellery
 j - the ring of Urghepn (left hand) {rPois Will++}
   (You found it in the Desolation of Salt)

   [ring of poison resistance]

   rPois:     It protects you from poison.
   Will:      It greatly increases your willpower.
 l - the ring of the Ladybird {rF+ rC+ Dex+6}
   (You found it in the Desolation of Salt)

   [ring of dexterity]

   Dex:       It affects your dexterity (+6).
   rF:        It protects you from fire.
   rC:        It protects you from cold.
 n - the ring of Vuunif {rN+ rCorr}
   (You took it off a vault warden on level 4 of the Vaults)

   [ring of resist corrosion]

   rN:        It protects you from negative energy.
   rCorr:     It protects you from acid and corrosion.
 y - an amulet of reflection (around neck)
 z - the ring "Zav Fargh" {Fire rPois Will+ rCorr Dex+2}
   (You found it on level 3 of the Elven Halls)

   [ring of fire]

   It enhances your fire magic.
   Dex:       It affects your dexterity (+2).
   rF:        It protects you from fire.
   rC:        It makes you vulnerable to cold.
   rPois:     It protects you from poison.
   rCorr:     It protects you from acid and corrosion.
   Will:      It increases your willpower.
 Y - the ring of Ridyige (right hand) {rF+ rN+ Str+2 Dex+3 Slay+4}
   (You found it on level 2 of the Shoals)

   [ring of slaying]

   Str:       It affects your strength (+2).
   Dex:       It affects your dexterity (+3).
   Slay:      It affects your accuracy & damage with ranged weapons and melee
   (+4).
   rF:        It protects you from fire.
   rN:        It protects you from negative energy.
Wands
 c - a wand of digging (1)
 d - a wand of paralysis (40)
 h - a wand of polymorph (6)
 m - a wand of iceblast (73)
 q - a wand of flame (77)
 v - a wand of mindburst (6)
 B - a wand of light (8)
Scrolls
 f - 27 scrolls of teleportation
 s - 3 scrolls of silence
 w - 12 scrolls of poison
 x - 10 scrolls of blinking
 E - 9 scrolls of fear
 K - a scroll of magic mapping
 M - 4 scrolls of summoning
 Q - 7 scrolls of enchant armour
 R - 9 scrolls of fog
Potions
 g - 7 potions of magic
 i - 11 potions of curing
 k - 6 potions of mutation
 o - a potion of invisibility
 t - 8 potions of heal wounds
 C - 6 potions of resistance
 G - 5 potions of might
 H - 11 potions of flight
 V - 3 potions of cancellation
 X - 8 potions of attraction
Miscellaneous
 I - a box of beasts
 N - a phantom mirror
 T - a lightning rod (4/4)
 U - a phial of floods


   Skills:
 O Level 27 Fighting
 - Level 2.1(16.8) Short Blades
 O Level 27 Long Blades
 - Level 18.5 Throwing
 + Level 25.5 Armour
 - Level 21.0 Dodging
 - Level 3.6 Stealth
 - Level 17.0 Shields
 - Level 10.0 Invocations
 - Level 5.4 Evocations


You had 20 spell levels left.
You knew the following spells:

 Your Spells              Type           Power      Damage    Failure   Level
a - Freezing Cloud        Conj/Ice/Air   0%         6-21      100%        5
b - Apportation           Tloc           0%         N/A       67%         1

Your spell library contained the following spells:

 Spells                   Type           Power      Damage    Failure   Level
 Beastly Appendage        Tmut           0%         N/A       67%         1
 Foxfire                  Conj/Fire      0%         2x1d4     67%         1
 Magic Dart               Conj           0%         1d3       67%         1
 Necrotise                Necr           0%         1d4       67%         1
 Shock                    Conj/Air       0%         1d3       67%         1
 Summon Small Mammal      Summ           0%         N/A       67%         1
 Call Imp                 Summ           0%         N/A       82%         2
 Cigotuvi's Dreadful Rot  Necr/Pois/Air  0%         N/A       82%         2
 Ensorcelled Hibernation  Hex/Ice        0%         N/A       82%         2
 Momentum Strike          Conj/Tloc      0%         3d8       82%         2
 Passwall                 Tmut/Erth      0%         N/A       82%         2
 Poisonous Vapours        Pois/Air       0%         N/A       82%         2
 Static Discharge         Conj/Air       0%         2-2/arc   82%         2
 Wereblood                Tmut           0%         N/A       82%         2
 Call Canine Familiar     Summ           0%         N/A       96%         3
 Dazzling Flash           Conj/Hex       0%         N/A       96%         3
 Frozen Ramparts          Ice            0%         1d1       96%         3
 Gell's Gravitas          Tloc           0%         N/A       96%         3
 Hailstorm                Conj/Ice       0%         3d3       96%         3
 Inner Flame              Hex/Fire       0%         N/A       96%         3
 Mephitic Cloud           Conj/Pois/Air  0%         N/A       96%         3
 Ozocubu's Armour         Ice            0%         N/A       96%         3
 Portal Projectile        Hex/Tloc       0%         N/A       96%         3
 Spider Form              Tmut/Pois      0%         N/A       96%         3
 Stone Arrow              Conj/Erth      0%         3d7       96%         3
 Summon Guardian Golem    Hex/Summ       0%         N/A       96%         3
 Swiftness                Air            0%         N/A       96%         3
 Teleport Other           Tloc           0%         N/A       96%         3
 Tukima's Dance           Hex            0%         N/A       96%         3
 Vhi's Electric Charge    Tloc/Air       0%         N/A       96%         3
 Volatile Blastmotes      Fire/Tloc      0%         2d10      96%         3
 Airstrike                Air            0%         2d(0-16)  100%        4
 Animate Armour           Summ/Erth      0%         N/A       100%        4
 Dispel Undead            Necr           0%         3d6       100%        4
 Fulminant Prism          Conj/Hex       0%         3d5       100%        4
 Ice Form                 Ice/Tmut       0%         N/A       100%        4
 Iskenderun's Mystic Bla  Conj/Tloc      0%         2d3       100%        4
 Manifold Assault         Tloc           0%         N/A       100%        4
 Passage of Golubria      Tloc           0%         N/A       100%        4
 Petrify                  Tmut/Erth      0%         N/A       100%        4
 Summon Ice Beast         Ice/Summ       0%         N/A       100%        4
 Summon Lightning Spire   Summ/Air       0%         N/A       100%        4
 Agony                    Necr           0%         N/A       100%        5
 Alistair's Intoxication  Tmut/Pois      0%         N/A       100%        5
 Arcjolt                  Conj/Air       0%         1d10      100%        5
 Blade Hands              Tmut           0%         N/A       100%        5
 Borgnjor's Vile Clutch   Necr/Erth      0%         N/A       100%        5
 Lee's Rapid Deconstruct  Erth           0%         3d4*      100%        5
 Metabolic Englaciation   Hex/Ice        0%         N/A       100%        5
 Silence                  Hex/Air        0%         N/A       100%        5
 Summon Forest            Summ/Tloc      0%         N/A       100%        5
 Summon Mana Viper        Hex/Summ       0%         N/A       100%        5
 Yara's Violent Unravell  Hex/Tmut       0%         3d3       100%        5
 Dispersal                Tloc           0%         N/A       100%        6
 Eringya's Noxious Bog    Tmut/Pois      0%         N/A       100%        6
 Plasma Beam              Fire/Air       0%         2x1d11    100%        6
 Simulacrum               Ice/Necr       0%         N/A       100%        6
 Starburst                Conj/Fire      0%         6d3       100%        6
 Statue Form              Tmut/Erth      0%         N/A       100%        6
 Summon Cactus Giant      Summ           0%         N/A       100%        6
 Enfeeble                 Hex            0%         N/A       100%        7
 Ozocubu's Refrigeration  Ice            0%         4d7       100%        7
 Spellforged Servitor     Conj/Summ      0%         N/A       100%        7
 Summon Hydra             Summ           0%         N/A       100%        7
 Borgnjor's Revivificati  Necr           0%         N/A       100%        8
 Disjunction              Tloc           0%         N/A       100%        8
 Lehudib's Crystal Spear  Conj/Erth      0%         10d2      100%        8
 Maxwell's Capacitive Co  Air            0%         ∞         100%        8
 Necromutation            Tmut/Necr      0%         N/A       100%        8
 Death's Door             Necr           0%         N/A       100%        9


Dungeon Overview and Level Annotations

Branches:
Dungeon (15/15)            Temple (1/1) D:6            Lair (5/5) D:10
 Shoals (4/4) Lair:3        Snake (4/4) Lair:3        Slime (0/5) Lair:4
    Orc (2/2) D:10            Elf (3/3) Orc:2        Vaults (4/5) D:14
  Crypt (0/3) Vaults:3     Depths (4/4) D:15            Zot (5/5) Depths:4
 Bailey (visited)           IceCv (visited)         Desolation (visited)

Altars:
Ashenzari
Cheibriados
Dithmenos
Elyvilon
Fedhas
Gozag
Hepliaklqana
Kikubaaqudgha
Makhleb
Nemelex Xobeh
Okawaru
Qazlal
Ru
Sif Muna
Trog
Uskayaw
Vehumet
Xom
Yredelemnul
Zin
The Shining One
Lugonu

Shops:
D:5 [   D:8 :   Orc:1 !   Orc:2 ?!=[   Elf:1 *   Elf:2 [:   Elf:3 *
Shoals:4 ?   Vaults:3 [

Portals:
Hell: Depths:1 Depths:2 Depths:3 Depths:4
Abyss: Depths:1 Depths:3 Depths:4
Pandemonium: Depths:2 Depths:3
Ziggurat: Depths:3


Innate Abilities, Weirdness & Mutations

You are amphibious.
You cover ground slowly.
You can hop long distances.
You have an extended range of vision and can be seen from far away.
You have sharp toenails.
You possess an exceptional clarity of mind.
Your body sometimes deteriorates upon taking damage.
You occasionally shout uncontrollably at your foes.


Message History

You freeze the tormentor.
You kill the tormentor!
Cheibriados appreciates the change of pace.
(D) Dungeon (T) Temple (L) Lair (A) Shoals (P) Snake Pit (M) Slime Pits (O) Orcish Mines (E) Elven Halls (V) Vaults (C) Crypt (U) Depths (H) Hell (Z) Zot
Where to? (Enter - D:1, ? - help)
A large abomination comes into view.
You block the large abomination's attack.
You slash the large abomination! You freeze the large abomination.
The large abomination is moderately damaged.
You block the large abomination's attack.
You slash the large abomination! You freeze the large abomination.
The large abomination is heavily damaged.
You block the large abomination's attack.
You slice the large abomination like a ripe choko!!!
You freeze the large abomination!
You destroy the large abomination!
Cheibriados thoroughly appreciates the change of pace.
(D) Dungeon (T) Temple (L) Lair (A) Shoals (P) Snake Pit (M) Slime Pits (O) Orcish Mines (E) Elven Halls (V) Vaults (C) Crypt (U) Depths (H) Hell (Z) Zot
Where to? (Enter - D:1, ? - help)
There is a stone staircase leading up here.
You fly upwards.
There is a stone staircase leading down here.
Aiming: Dig
Press: ? - help, Shift-Dir - straight line A rock wall.
This square is covered in magical glow.
The rock shatters into small pieces.
Aiming: Dig
Press: ? - help, Shift-Dir - straight line A rock wall.
This square is covered in magical glow.
The rock shatters into small pieces.
There is a staircase leading out of the dungeon here.
You have escaped!

#.##.##.###....
#.##.##.###.>..
#.......##.##..
####.####.#####
#........#.....
###.......##.####
#..............##
############.........#...
###....⌠≈≈@.........#..#...
#...#.#≈≈≈...#......#......
#.#...#≈≈≈...#......####...
#.#####≈≈.##.#.....#####..#
#.# #≈).##.#........^...#
#######.#
#......#...########.#
#.......# #⌠.....'...# #...
#.####### #......#...# #...
....# #####...##.##### #...


There were no monsters in sight!

Vanquished Creatures
  2 dread liches (Zot:5)
  6 ancient liches
  3 orbs of fire
  Josephina (Zot:1)
  Vashnia (Snake:3)
  7 Killer Klowns
  2 curse toes
  The ghost of mantisjm the Hoplite, a veteran HOFi of Qazlal (Vaults:3)
  Xtahua (Depths:4)
  the Enchantress (Depths:1)
  8 golden dragons
  A Tzitzimitl (Depths:4)
  7 electric golems
  20 tentacled monstrosities
  A walking earthen tome (Depths:2)
  Rupert (Lair:5)
  2 Ice Fiends (IceCv)
  5 liches
  30 Orb Guardians
  2 deep elf blademasters (Elf:2)
  2 deep elf master archers (Elf:3)
  5 quicksilver dragons
  A walking divine tome (Depths:3)
  2 walking frostbound tomes (Depths:2)
  3 sphinxes
  2 tentacled starspawn (Abyss:3)
  A pandemonium lord (D:3)
  2 krakens
  The ghost of Amikeex the Brawler, an adept TrMo of Nemelex Xobeh (Depths:4)
  The ghost of Himmaryad the Brawler, an adept TrMo of Nemelex Xobeh (Depths:4)
  A tengu reaver (Depths:1)
  14 death cobs
  12 storm dragons
  6 shadow dragons
  The ghost of Heomusus the Alchemist, an adept DrTm of Wu Jian (Shoals:2)
  2 daevas
  The ghost of Zujy the Severer, an adept DsFi of Okawaru (Depths:4)
  Ilsuiw (Shoals:4)
  3 draconian monks
  6 draconian knights
  4 iron dragons
  8 fire giants
  2 frost giants
  8 deep elf sorcerers
  11 vault wardens
  Louise (D:15)
  2 imperial myrmidons (Desolation)
  7 draconian scorchers
  4 draconian shifters
  7 draconian annihilators
  3 draconian stormcallers
  4 orc warlords
  5 deep elf elementalists
  A ghoul (Vaults:3)
  5 spriggan defenders
  6 ghost moths
  An angel (Depths:3)
  4 war gargoyles
  7 ironbound thunderhulks
  3 vampire knights
  12 stone giants
  20 very ugly things
  11 black draconians
  21 ironbound preservers
  9 green draconians
  A lorocyproca (Depths:4)
  13 deep elf annihilators
  9 deep elf demonologists
  A spark wasp (Depths:3)
  2 halazid warlocks (Desolation)
  11 yellow draconians
  13 white draconians
  5 purple draconians
  6 dire elephants
  14 red draconians
  7 ettins
  A blizzard demon (Depths:1)
  3 crystal guardians
  5 ragged hierophants (Desolation)
  7 deep elf death magi
  2 jiangshi (Depths:3)
  11 yaktaur captains
  10 fire dragons
  5 merfolk impalers
  3 entropy weavers
  4 deep elf high priests
  3 merfolk javelineers
  3 hydras (Lair:5)
  6 great orbs of eyes
  6 servants of whispers
  2 caustic shrike simulacra (IceCv)
  10 ice dragons
  Erolcha (D:12)
  2 boulder beetles
  3 hell beasts
  3 ogre magi (Orc:2)
  5 rakshasas
  4 salamander tyrants (Snake:4)
  5 vault guards
  5 ironbound frosthearts
  9 centaur warriors
  3 spriggan air magi
  14 peacekeepers
  12 anacondas
  6 merfolk aquamancers
  3 alligator snapping turtles
  Erica (D:8)
  A two-headed ogre (shapeshifter) (Vaults:4)
  2 two-headed ogres
  3 merfolk avatars
  2 satyrs (Shoals:4)
  A death knight (Vaults:3)
  5 death yaks
  7 spriggan berserkers
  8 deep troll earth magi
  An orc high priest (Orc:1)
  13 naga warriors
  5 tengu warriors
  5 vampire magi
  20 dancing weapons
  17 naga sharpshooters
  4 deep troll shamans
  11 shock serpents
  Sonja (Orc:1)
  A soul eater (Depths:1)
  12 hell knights
  A wretched star (Abyss:3)
  28 deep elf knights
  2 skeletal warriors (D:15)
  2 sixfirhies (Abyss:3)
  9 skysharks
  5 salamander mystics
  7 iron trolls
  A spriggan druid (Depths:1)
  36 deep trolls
  A spatial maelstrom (Abyss:3)
  4 glowing orange brains
  A golden dragon zombie (D:15)
  8 wizards
  A bog body (IceCv)
  An orange crystal statue (IceCv)
  10 sea snakes
  19 naga ritualists
  9 orc knights
  17 lindwurms
  26 deep elf zephyrmancers
  3 spriggan simulacra (IceCv)
  20 deep elf archers
  4 necromancers
  A flayed ghost (Depths:3)
  18 harpies
  5 phantasmal warriors
  19 ironbound convokers
  9 orc sorcerers
  5 starcursed masses (Abyss:3)
  An obsidian statue (IceCv)
  4 oklob plants
  37 deep elf pyromancers
  6 cyclopes
  9 fauns
  A manticore (shapeshifter) (Elf:2)
  A frost giant zombie (D:15)
  22 mana vipers
  31 ugly things
  12 manticores
  A worldbinder (Abyss:3)
  8 large abominations
  10 guardian serpents
  9 merfolk sirens
  A toenail golem (D:11)
  7 elephants
  20 moths of wrath
  20 salamanders
  9 water nymphs
  A rust devil (Depths:2)
  15 vault sentinels
  14 naga magi
  23 cane toads
  52 black mambas
  A storm dragon simulacrum (Zot:1)
  2 gargoyles
  2 unseen horrors
  3 efreet
  4 rime drakes
  A hellion (Zot:1)
  10 komodo dragons
  2 anaconda simulacra (IceCv)
  3 kobold demonologists
  A tormentor (D:2)
  2 ice devils
  42 yaktaurs
  5 tengu conjurers
  7 freezing wraiths (IceCv)
  A red devil (D:3)
  2 polar bears
  A queen bee (Lair:3)
  A troll (shapeshifter) (Elf:2)
  3 meliai (Lair:4)
  A golden dragon simulacrum (Zot:1)
  A hornet (shapeshifter) (D:14)
  4 trolls
  A tyrant leech (Lair:5)
  6 hornets
  2 tarantellas (Vaults:3)
  23 blink frogs
  21 merfolk
  11 wind drakes
  45 saltlings
  Prince Ribbit (Bailey)
  10 snapping turtles
  A draconian simulacrum (Zot:1)
  An ettin zombie (D:15)
  41 slime creatures
  Sigmund (D:2)
  2 air elementals
  2 shadows
  An ettin skeleton (D:15)
  8 spriggans
  A dire elephant simulacrum (IceCv)
  3 wraiths
  6 humans
  50 yaks
  22 water elementals
  2 wyverns
  Eustachio (D:4)
  5 basilisks
  A neqoxec (Abyss:3)
  5 redbacks
  A steam dragon (D:10)
  3 minotaur simulacra (IceCv)
  Edmund (D:4)
  5 wargs
  A yellow draconian simulacrum (Zot:1)
  5 vampire mosquitoes (Lair:5)
  42 nagas
  4 spatial vortices (Abyss:3)
  3 acid dragons
  14 water moccasins
  A small abomination (D:3)
  A floating eye (shapeshifter) (D:15)
  Duvessa (D:4)
  A floating eye (Depths:2)
  4 black bears
  A moth of wrath simulacrum (Zot:1)
  21 orc warriors
  An ettin simulacrum (IceCv)
  A sky beast (D:7)
  2 ice beasts
  9 ogres
  11 centaurs
  13 wolves
  3 boggarts
  4 phantoms
  2 kobold brigands (D:9)
  28 bullfrogs
  4 deep troll simulacra (IceCv)
  3 gnoll sergeants
  3 earth elementals
  4 scorpions
  A wight (Abyss:3)
  Dowan (D:4)
  A lindwurm simulacrum (IceCv)
  23 killer bees
  An electric eel (Lair:5)
  12 howler monkeys
  A human zombie (D:4)
  11 orc priests
  5 hounds
  A jelly (D:6)
  A quasit (Abyss:3)
  Jessica (D:2)
  A gnoll bouda (D:8)
  2 iguanas
  An iguana (shapeshifter) (Depths:3)
  Natasha (thrice) (D:4)
  3 sleepcaps
  31 orc wizards
  4 adders
  23 gnolls
  5 white imps
  An ufetubus (Abyss:3)
  2 worms (D:3)
  A dart slug (D:3)
  89 orcs
  8 endoplasms
  A giant cockroach (D:2)
  5 hobgoblins
  12 kobolds
  5 quokkas
  6 ball pythons
  5 bats
  5 frilled lizards
  11 goblins
  3 rats
  2 starspawn tentacles (Abyss:3)
  8 tentacles
2144 creatures vanquished.

Vanquished Creatures (collateral kills)
  Gastronok (Lair:3)
1 creature vanquished.

Vanquished Creatures (others)
  2 deep elf knights
  4 deep elf pyromancers
  2 orc warriors (Elf:1)
  An orc priest (Orc:1)
  2 orc wizards (Orc:2)
  2 starspawn tentacles (Abyss:3)
  8 tentacles
21 creatures vanquished.

Grand Total: 2166 creatures vanquished

Notes
Turn   | Place    | Note
-------+----------+-------------------------------------------
     0 | D:1      | LordWeiramon the Barachi Brigand began the quest for the
                  | Orb.
     0 | D:1      | Reached XP level 1. HP: 17/17 MP: 1/1
   197 | D:1      | Reached XP level 2. HP: 21/24 MP: 2/2
   799 | D:1      | Found a faded altar of an unknown god.
  1018 | D:2      | Noticed Jessica
  1057 | D:2      | Noticed Sigmund
  1158 | D:2      | Reached XP level 3. HP: 30/30 MP: 3/3
  1607 | D:3      | Reached skill level 5 in Fighting
  1651 | D:3      | Reached XP level 4. HP: 39/39 MP: 4/4
  2744 | D:4      | Noticed Eustachio
  2835 | D:4      | Noticed Natasha
  2864 | D:4      | Killed Natasha
  2899 | D:4      | Reached XP level 5. HP: 46/46 MP: 5/5
  2900 | D:4      | Noticed Natasha
  2990 | D:4      | Noticed an ogre
  2997 | D:4      | Killed an ogre
  3022 | D:4      | Found a runed translucent door.
  3022 | D:4      | Noticed a human
  3083 | D:4      | Reached XP level 6. HP: 31/55 MP: 6/6
  3194 | D:4      | Found a basalt altar of Yredelemnul.
  3211 | D:4      | Killed Natasha
  3213 | D:4      | Noticed Natasha
  3230 | D:4      | Killed Natasha
  3347 | D:4      | Killed a human
  3348 | D:4      | Reached XP level 7. HP: 21/63 MP: 7/7
  3532 | D:4      | Found a radiant altar of Vehumet.
  3532 | D:4      | Found a glowing silver altar of Zin.
  3622 | D:4      | Noticed Dowan
  3685 | D:4      | Noticed Edmund
  3980 | D:5      | Entered Level 5 of the Dungeon
  4562 | D:5      | Reached skill level 5 in Dodging
  4689 | D:5      | Reached XP level 8. HP: 69/69 MP: 8/8
  4853 | D:5      | Found Himm's Armour Shop.
  4974 | D:5      | Identified the +1 quarterstaff of the Whale {venom, Dex+2}
  4990 | D:5      | Reached skill level 5 in Long Blades
  5863 | D:6      | Found a staircase to the Ecumenical Temple.
  5911 | D:6      | Reached skill level 1 in Evocations
  5920 | Temple   | Entered the Ecumenical Temple
  5930 | Temple   | Became a worshipper of Cheibriados the Contemplative
  6098 | D:6      | Found an opulent altar of Gozag.
  6481 | D:6      | Reached skill level 1 in Shields
  6654 | Temple   | Reached XP level 9. HP: 57/75 MP: 9/9
  7240 | D:7      | Reached * piety under Cheibriados
  7400 | D:7      | Reached skill level 10 in Long Blades
  7556 | D:7      | Reached skill level 1 in Armour
  7877 | D:7      | Reached skill level 5 in Armour
  8277 | D:2      | Reached ** piety under Cheibriados
  8327 | D:2      | Killed Sigmund
  8377 | D:2      | Killed Jessica
  8528 | D:4      | Killed Eustachio
  8590 | D:4      | Killed Edmund
  8591 | D:4      | Reached XP level 10. HP: 68/82 MP: 10/10
  8621 | D:4      | Noticed Duvessa
  8634 | D:4      | Killed Duvessa
  8643 | D:4      | Killed Dowan
  8780 | D:5      | Bought a +3 ring mail of cold resistance for 364 gold
                  | pieces
  8855 | D:8      | Found a flagged portal.
  8868 | Bailey   | Entered a bailey
  9189 | Bailey   | Noticed a vault guard
  9189 | Bailey   | Noticed Prince Ribbit
  9245 | Bailey   | Killed Prince Ribbit
  9263 | Bailey   | Killed a vault guard
  9308 | Bailey   | Noticed a vault guard
  9397 | Bailey   | Killed a vault guard
  9596 | D:8      | Found a shadowy altar of Dithmenos.
  9652 | D:8      | Found Duih's Book Emporium.
  9713 | D:8      | Reached *** piety under Cheibriados
  9805 | D:8      | Noticed a cyclops
  9824 | D:8      | Killed a cyclops
  9825 | D:8      | Reached XP level 11. HP: 57/87 MP: 11/11
 10135 | D:8      | Noticed Erica
 10153 | D:8      | Killed Erica
 10276 | D:8      | Noticed a manticore
 10752 | D:8      | Killed a manticore
 10753 | D:8      | Reached skill level 5 in Evocations
 11090 | D:9      | Found a glowing golden altar of the Shining One.
 11093 | D:9      | Found a sacrificial altar of Ru.
 11095 | D:9      | Found an ancient bone altar of Kikubaaqudgha.
 11109 | D:9      | Found a sparkling altar of Nemelex Xobeh.
 11280 | D:9      | Reached **** piety under Cheibriados
 11311 | D:9      | Reached skill level 10 in Dodging
 11645 | D:10     | Entered Level 10 of the Dungeon
 11850 | D:10     | Found a staircase to the Orcish Mines.
 11986 | D:10     | Found a stormy altar of Qazlal.
 11997 | D:10     | Reached ***** piety under Cheibriados
 12115 | D:10     | Found a staircase to the Lair.
 12330 | D:10     | Noticed a two-headed ogre
 12337 | D:10     | Killed a two-headed ogre
 12406 | D:10     | Reached XP level 12. HP: 91/94 MP: 12/12
 12659 | D:11     | Noticed a +0 short sword
 12660 | D:11     | Noticed a +0 short sword
 12665 | D:11     | Noticed a +0 dagger
 12666 | D:11     | Noticed a +0 spear
 12667 | D:11     | Noticed a +0 spear
 12667 | D:11     | Noticed a +0 dagger
 12672 | D:11     | Found a hide-covered altar of Uskayaw.
 12684 | D:11     | Reached skill level 10 in Fighting
 12806 | D:11     | Noticed a boulder beetle
 12822 | D:11     | Killed a boulder beetle
 13225 | D:11     | Reached skill level 5 in Shields
 13241 | D:11     | Got the Cyclopedia of Mercurial Blasting
 13257 | D:11     | Reached skill level 1 in Invocations
 13516 | Lair:1   | Entered Level 1 of the Lair of Beasts
 13891 | Lair:1   | Found a blossoming altar of Fedhas.
 13947 | Lair:1   | Reached skill level 5 in Invocations
 14619 | Lair:2   | Reached skill level 10 in Armour
 14712 | Lair:2   | Reached ****** piety under Cheibriados
 14713 | Lair:2   | Gained mutation: You can hop long distances. [Barachi
                  | growth]
 14713 | Lair:2   | Reached XP level 13. HP: 103/103 MP: 16/16
 15520 | Lair:3   | Noticed Gastronok
 15613 | Lair:3   | Killed Gastronok
 15644 | Lair:3   | Learned a level 5 spell: Freezing Cloud
 15692 | Lair:3   | Found a staircase to the Shoals.
 15964 | Lair:3   | Found a staircase to the Snake Pit.
 17180 | Lair:4   | Reached XP level 14. HP: 111/111 MP: 19/19
 17578 | Lair:4   | Found a staircase to the Slime Pits.
 17700 | Lair:5   | Entered Level 5 of the Lair of Beasts
 17700 | Lair:5   | Noticed Rupert
 17831 | Lair:5   | Killed Rupert
 18848 | Lair:5   | Identified the +3 trident of Governance {holy, Drain rPois
                  | rCorr Int+4}
 18849 | Lair:5   | Identified the +7 shortbow of Valiance {antimagic, rElec
                  | rC+}
 18853 | Lair:5   | Got the Handbook of Creation
 19613 | D:12     | Noticed Erolcha
 19617 | D:12     | Killed Erolcha
 19664 | D:12     | Reached XP level 15. HP: 101/118 MP: 22/22
 20163 | D:12     | Reached skill level 10 in Invocations
 21278 | D:14     | Reached skill level 15 in Long Blades
 21573 | D:14     | Found the +4 consecrated labrys {holy, Valiant Fragile Fly
                  | SInv}
 21882 | D:14     | Identified the ring of Fatigue {rF+ Str+6}
 21992 | D:14     | Found a gate to the Vaults.
 22457 | D:15     | Entered Level 15 of the Dungeon
 22611 | D:15     | Identified a scroll of acquirement
 22684 | D:15     | Found a staircase to the Depths.
 22753 | D:15     | Found a frozen archway.
 22793 | IceCv    | Entered an ice cave
 23099 | IceCv    | Identified the +3 pair of boots "Jeodo" {Int+3}
 23436 | IceCv    | Reached skill level 15 in Fighting
 23468 | IceCv    | Noticed an Ice Fiend
 23468 | IceCv    | Noticed an Ice Fiend
 23488 | IceCv    | Killed an Ice Fiend
 23499 | IceCv    | Killed an Ice Fiend
 24023 | D:15     | Reached XP level 16. HP: 136/136 MP: 23/23
 24180 | D:15     | Reached skill level 15 in Dodging
 24421 | D:15     | Noticed Louise
 24438 | D:15     | Killed Louise
 24729 | Orc:1    | Entered Level 1 of the Orcish Mines
 24865 | Orc:1    | Noticed Sonja
 24884 | Orc:1    | Killed Sonja
 25174 | Orc:2    | Entered Level 2 of the Orcish Mines
 25405 | Orc:2    | Found a staircase to the Elven Halls.
 25712 | Orc:1    | Found Rats's Distillery.
 25715 | Orc:1    | Bought a potion of heal wounds for 60 gold pieces
 25715 | Orc:1    | Bought a potion of curing for 36 gold pieces
 25715 | Orc:1    | Bought a potion of curing for 36 gold pieces
 25715 | Orc:1    | Bought a potion of flight for 36 gold pieces
 25715 | Orc:1    | Bought a potion of curing for 36 gold pieces
 25715 | Orc:1    | Bought a potion of might for 48 gold pieces
 25715 | Orc:1    | Bought a potion of attraction for 36 gold pieces
 26113 | Orc:2    | Found Ilen's Distillery.
 26161 | Orc:2    | Bought a potion of might for 48 gold pieces
 26161 | Orc:2    | Bought a potion of berserk rage for 60 gold pieces
 26161 | Orc:2    | Bought a potion of flight for 36 gold pieces
 26161 | Orc:2    | Bought a potion of resistance for 120 gold pieces
 26162 | Orc:2    | Bought a potion of attraction for 36 gold pieces
 26175 | Orc:2    | Found an ancient bone altar of Kikubaaqudgha.
 26178 | Orc:2    | Paralysed by an orc sorcerer for 2 turns
 26187 | Orc:2    | Reached skill level 5 in Throwing
 26232 | Orc:2    | Found Fudetted's Antique Armour Boutique.
 26287 | Orc:2    | Found a radiant altar of Vehumet.
 26336 | Orc:2    | Found Tiusoila's Magic Scroll Shop.
 26353 | Orc:2    | Found Ymnagy's Jewellery Shop.
 26371 | Orc:2    | Bought a scroll of identify for 28 gold pieces
 26374 | Orc:2    | Acquired the ring "Yzetsil" {Will+ Slay+4}
 26660 | Shoals:1 | Entered Level 1 of the Shoals
 27417 | Shoals:1 | Identified the +0 robe of the Thunderstorm {Int+2 Dex+4}
 27702 | Shoals:2 | Noticed Heomusus's ghost (adept DrTm)
 27702 | Shoals:2 | Noticed a kraken
 27703 | Shoals:2 | Found a transporter.
 27705 | Shoals:2 | Found a transporter.
 27737 | Shoals:2 | Found an iron altar of Okawaru.
 27973 | Shoals:2 | Reached skill level 10 in Shields
 28438 | Shoals:3 | Noticed a kraken
 28456 | Shoals:3 | Killed a kraken
 28679 | Shoals:3 | Reached XP level 17. HP: 135/142 MP: 24/24
 29083 | Shoals:4 | Entered Level 4 of the Shoals
 30104 | Shoals:4 | Noticed Ilsuiw
 30121 | Abyss:3  | Cast into level 3 of the Abyss (merfolk impaler)
 30149 | Abyss:3  | Noticed a tentacled starspawn
 30158 | Abyss:3  | Killed a tentacled starspawn
 30180 | Abyss:3  | Got an abyssal rune of Zot
 30183 | Abyss:3  | Noticed a tentacled starspawn
 30188 | Abyss:3  | Killed a tentacled starspawn
 30258 | Abyss:3  | Reached skill level 15 in Shields
 30339 | Shoals:4 | Escaped the Abyss
 30348 | Shoals:4 | Killed Ilsuiw
 30355 | Shoals:4 | Got a barnacled rune of Zot
 30389 | Shoals:4 | Found Giun's Magic Scroll Shop.
 30455 | Shoals:4 | Bought a scroll of fog for 56 gold pieces
 30455 | Shoals:4 | Bought a scroll of teleportation for 42 gold pieces
 30455 | Shoals:4 | Bought a scroll of fog for 56 gold pieces
 31256 | Shoals:2 | Killed a kraken
 31302 | Shoals:2 | Killed Heomusus's ghost
 31325 | Shoals:2 | Identified the ring of Ridyige {rF+ rN+ Str+2 Dex+3 Slay+4}
 31441 | Snake:1  | Entered Level 1 of the Snake Pit
 31443 | Snake:1  | Found a flickering gateway to a bazaar.
 31471 | Snake:1  | Reached XP level 18. HP: 149/149 MP: 25/25
 31487 | Bazaar   | Entered a bazaar
 31508 | Bazaar   | Found Cige Wedgh's Magic Scroll Shoppe.
 31508 | Bazaar   | Found Biex's Antique Armour Emporium.
 31530 | Bazaar   | Found Tankibi's Jewellery Shoppe.
 31530 | Bazaar   | Found Wyfoik's Antique Weapon Emporium.
 31552 | Bazaar   | Found Deufiw's Armour Shoppe.
 31557 | Bazaar   | Bought the +1 helmet "Duzul" {rPois rF+} for 277 gold
                  | pieces
 31622 | Bazaar   | Bought a jewelled plate armour for 896 gold pieces
 31622 | Bazaar   | Identified the +0 plate armour of Wariness {rElec rC-
                  | Int+8} (You bought it in a shop in a bazaar)
 32426 | Snake:1  | Identified the +4 chain mail of Impatience {rF+ rC+ rCorr
                  | Str-2}
 32460 | Snake:1  | Identified the +10 rapier of the Philosopher {flame, rElec
                  | Dex+3}
 33149 | Snake:2  | Reached skill level 15 in Armour
 34015 | Snake:3  | Noticed Vashnia
 34036 | Snake:3  | Killed Vashnia
 34624 | Snake:3  | Found the +8 orange crystal plate armour {Archmagi, Int+3
                  | Clar}
 34624 | Snake:3  | Identified the +2 flail of Cataclysm {flame, rC++ rN+++
                  | SInv Stlth-}
 34661 | Snake:3  | Identified the +0 acid dragon scales of Oluet {rF+ Will++
                  | rCorr Dex+3}
 34751 | Snake:3  | Got the Encyclopedia of Grim Power
 34853 | Snake:3  | Acquired the +10 tower shield of Ignorance {rN+ Int-4}
 34853 | Snake:3  | Found the +10 tower shield of Ignorance {rN+ Int-4}
 34883 | Snake:3  | Reached XP level 19. HP: 147/155 MP: 26/26
 35285 | Snake:4  | Entered Level 4 of the Snake Pit
 35743 | Snake:4  | Got the Elucidation of Nocuous Cadavers
 36202 | Snake:4  | Got a serpentine rune of Zot
 36689 | Elf:1    | Entered Level 1 of the Elven Halls
 36689 | Elf:1    | Found a runed translucent gate.
 36689 | Elf:1    | Found a runed translucent gate.
 36689 | Elf:1    | Found a runed translucent door.
 36689 | Elf:1    | Found a runed translucent door.
 36689 | Elf:1    | Found a runed translucent gate.
 36689 | Elf:1    | Found a runed translucent gate.
 36689 | Elf:1    | Found a runed translucent gate.
 36689 | Elf:1    | Found a runed translucent gate.
 36720 | Elf:1    | Learned a level 1 spell: Apportation
 37041 | Orc:2    | Bought a scroll of enchant weapon for 105 gold pieces
 37246 | Elf:1    | Found Axzumyut's Assorted Antiques.
 37253 | Elf:1    | Bought an encrusted bronze wand for 136 gold pieces
 37341 | Elf:1    | Found a runed translucent gate.
 37341 | Elf:1    | Found a runed translucent gate.
 37341 | Elf:1    | Found a runed translucent gate.
 37341 | Elf:1    | Found a runed translucent gate.
 37436 | Elf:1    | Found a runed translucent gate.
 37438 | Elf:1    | Found a runed translucent gate.
 37721 | Elf:1    | Reached XP level 20. HP: 162/162 MP: 27/27
 38130 | Elf:2    | Paralysed by an air elemental for 1 turns
 38231 | Elf:2    | Reached skill level 10 in Throwing
 38474 | Elf:2    | Found Gilas's Antique Armour Boutique.
 38477 | Elf:2    | Found Orudy's Book Boutique.
 38612 | Elf:2    | Found a huge runed translucent gate.
 38612 | Elf:2    | Found a huge runed translucent gate.
 38619 | Elf:2    | Found a huge runed translucent gate.
 38620 | Elf:2    | Found a huge runed translucent gate.
 38621 | Elf:2    | Found a huge runed translucent gate.
 39153 | Elf:3    | Entered Level 3 of the Elven Halls
 39709 | Elf:3    | Noticed a Tzitzimitl
 39753 | Elf:3    | Reached XP level 21. HP: 168/168 MP: 28/28
 39884 | Elf:3    | Identified the +1 trident of the Volcano {heavy, Str+2
                  | Dex+4}
 40055 | Elf:3    | Got the Octavo of Heated Fumes
 40065 | Elf:3    | Identified the +1 trident of the Burning God {heavy, rElec
                  | Will- Str+3 Int+6}
 40066 | Elf:3    | Identified the staff of air "Reiru" {rElec Str+2}
 40067 | Elf:3    | Identified the ring "Zav Fargh" {Fire rPois Will+ rCorr
                  | Dex+2}
 40077 | Elf:3    | Identified the +1 chain mail "Camnarphy" {MP+9}
 40220 | Elf:3    | Got Qiconana's Vademecum on Translocational Immolation
 40247 | Elf:3    | Identified the staff of air "Baag" {Fragile rElec rPois
                  | rCorr Stlth-}
 40279 | Elf:3    | Got Sif Muna's Secrets of Generative Snow
 40477 | Elf:3    | Found Pihyhorr's General Store.
 40481 | Elf:3    | Bought a potion of heal wounds for 75 gold pieces
 40481 | Elf:3    | Bought a scroll of magic mapping for 112 gold pieces
 40481 | Elf:3    | Bought a wand of paralysis (6) for 216 gold pieces
 40481 | Elf:3    | Bought a scroll of fear for 60 gold pieces
 40978 | Vaults:1 | Entered Level 1 of the Vaults
 41180 | Vaults:1 | Found a crumbling gateway.
 41186 | Desolati | Entered the Desolation of Salt
 41294 | Desolati | Identified the ring of Hiqodeev {Wiz Int+2}
 41381 | Desolati | Identified the ring of Urghepn {rPois Will++}
 41406 | Desolati | Got the Compendium of Accompaniment and Space
 41408 | Desolati | Identified the -2 helmet of Imperfection {Slay+3}
 41571 | Desolati | Got the Octavo of the Brume and Sinister Secrets
 41601 | Desolati | Identified the ring of the Ladybird {rF+ rC+ Dex+6}
 41664 | Desolati | Identified the ring "Livy Egi" {rPois EV+5}
 42950 | Vaults:2 | Reached XP level 22. HP: 157/175 MP: 29/29
 43385 | Vaults:2 | Noticed an ancient lich
 43425 | Vaults:2 | Found a transporter.
 43426 | Vaults:2 | Found a shimmering blue altar of Sif Muna.
 44061 | Vaults:2 | Killed an ancient lich
 44147 | Vaults:2 | Found a transporter.
 44631 | Vaults:3 | Reached skill level 15 in Throwing
 44643 | Vaults:3 | Found a large runed translucent door.
 44643 | Vaults:3 | Found a large runed translucent door.
 44643 | Vaults:3 | Noticed mantisjm's ghost (veteran HOFi)
 44698 | Vaults:3 | Killed mantisjm's ghost
 44961 | Vaults:3 | Found Durrar's Antique Armour Emporium.
 44972 | Vaults:3 | Bought a glowing cloak for 172 gold pieces
 45064 | Vaults:3 | Found a staircase to the Crypt.
 45470 | Vaults:3 | Reached XP level 23. HP: 171/184 MP: 30/30
 46793 | Vaults:4 | Identified the ring of Vuunif {rN+ rCorr}
 47090 | Depths:1 | Entered Level 1 of the Depths
 47092 | Depths:1 | Noticed the Enchantress
 47102 | Depths:1 | Killed the Enchantress
 47732 | Depths:1 | Found a gateway to Hell.
 47867 | Depths:1 | Found a corrupted altar of Lugonu.
 47867 | Depths:1 | Found a one-way gate to the infinite horrors of the Abyss.
 48531 | Depths:2 | Paralysed by a floating eye for 4 turns
 48547 | Depths:2 | Found a sparkling altar of Nemelex Xobeh.
 48805 | Depths:2 | Found a one-way gate leading to the halls of Pandemonium.
 48949 | Depths:2 | Reached XP level 24. HP: 208/208 MP: 20/30
 49395 | Depths:3 | Found a bloodstained altar of Trog.
 49466 | Depths:3 | Acquired a manual of Long Blades
 49831 | Depths:3 | Identified the +10 chain mail "Diury" {Str+6}
 49838 | Depths:3 | Found the +8 frozen axe "Frostbite" {freeze, freezing
                  | cloud, *Noise Fly rC+}
 49841 | Depths:3 | Identified the +11 great sword "Kiehigen" {venom, rElec
                  | rPois rN+ Str-3}
 49864 | Depths:3 | Got the Guide on the Vector and the Mountains
 50188 | Depths:3 | Found a one-way gateway to a ziggurat.
 50495 | Depths:4 | Entered Level 4 of the Depths
 50566 | Depths:4 | Noticed Xtahua
 50573 | Depths:4 | Killed Xtahua
 50788 | Depths:4 | Found a gate to the Realm of Zot.
 51315 | Depths:4 | Found a runed translucent gate.
 51316 | Depths:4 | Found a runed translucent gate.
 51316 | Depths:4 | Found a runed translucent gate.
 51316 | Depths:4 | Noticed Amikeex's ghost (adept TrMo)
 51316 | Depths:4 | Noticed Zujy's ghost (adept DsFi)
 51316 | Depths:4 | Noticed Himmaryad's ghost (adept TrMo)
 51333 | Depths:4 | Killed Himmaryad's ghost
 51341 | Depths:4 | Killed Zujy's ghost
 51354 | Depths:4 | Killed Amikeex's ghost
 51369 | Depths:4 | Identified the +2 robe of the Wilderness {Int+5}
 51372 | Depths:4 | Identified the +0 dagger of Equilibrium {speed, rN+ rCorr}
 51375 | Depths:4 | Identified the +0 pair of gloves of Disappointment {rF++
                  | Regen+ Str+3 Int+3}
 51655 | Elf:1    | Bought a wand of flame (13) for 309 gold pieces
 51655 | Elf:1    | Bought a wand of iceblast (8) for 652 gold pieces
 51655 | Elf:1    | Bought a scroll of summoning for 323 gold pieces
 51655 | Elf:1    | Bought a potion of magic for 272 gold pieces
 51655 | Elf:1    | Bought a cabochon ring for 170 gold pieces
 51908 | Zot:1    | Entered Level 1 of the Realm of Zot
 51964 | Zot:1    | Noticed an orb of fire
 51978 | Zot:1    | Killed an orb of fire
 51979 | Zot:1    | Reached skill level 27 in Long Blades
 52011 | Zot:1    | Identified the ring "Fiv Ulet" {Ice Fly rPois}
 52011 | Zot:1    | Noticed Josephina
 52028 | Zot:1    | Killed Josephina
 52037 | Zot:1    | Reached XP level 25. HP: 216/216 MP: 30/30
 52953 | Zot:2    | Noticed a Killer Klown
 52959 | Zot:2    | Killed a Killer Klown
 53570 | Zot:2    | Identified the +3 ring mail of the Snake Pit {Rampage rF-
                  | Will+++ SInv}
 55090 | Zot:4    | Reached XP level 26. HP: 217/238 MP: 30/30
 55579 | Zot:4    | Noticed a Killer Klown
 55590 | Zot:4    | Killed a Killer Klown
 55941 | Zot:4    | Reached skill level 27 in Fighting
 56288 | Zot:5    | Entered Level 5 of the Realm of Zot
 56800 | Zot:5    | Noticed an ancient lich
 56811 | Zot:5    | Killed an ancient lich
 56847 | Zot:5    | Noticed a Killer Klown
 56855 | Zot:5    | Killed a Killer Klown
 56878 | Zot:5    | Noticed an ancient lich
 56882 | Zot:5    | Killed an ancient lich
 56883 | Zot:5    | Noticed a Killer Klown
 56894 | Zot:5    | Noticed a Killer Klown
 56897 | Zot:5    | Killed a Killer Klown
 56906 | Zot:5    | Killed a Killer Klown
 56920 | Zot:5    | Noticed an ancient lich
 56924 | Zot:5    | Killed an ancient lich
 56933 | Zot:5    | Noticed a Killer Klown
 56942 | Zot:5    | Noticed a Killer Klown
 56945 | Zot:5    | Killed a Killer Klown
 56948 | Zot:5    | Killed a Killer Klown
 56979 | Zot:5    | Noticed a dread lich
 56986 | Zot:5    | Killed a dread lich
 57024 | Zot:5    | Noticed an orb of fire
 57029 | Zot:5    | Noticed an orb of fire
 57031 | Zot:5    | Noticed a dread lich
 57037 | Zot:5    | Noticed an ancient lich
 57039 | Zot:5    | Killed a dread lich
 57039 | Zot:5    | Gained mutation: Armour fits poorly on your strangely
                  | shaped body. [an orb of fire]
 57041 | Zot:5    | Gained mutation: You sometimes lose your temper in combat.
                  | [an orb of fire]
 57044 | Zot:5    | Killed an orb of fire
 57046 | Zot:5    | Lost mutation: You sometimes lose your temper in combat.
                  | [potion of mutation]
 57046 | Zot:5    | Lost mutation: Armour fits poorly on your strangely shaped
                  | body. [potion of mutation]
 57046 | Zot:5    | Gained mutation: Your body sometimes deteriorates upon
                  | taking damage. [potion of mutation]
 57046 | Zot:5    | Gained mutation: You occasionally shout uncontrollably at
                  | your foes. [potion of mutation]
 57046 | Zot:5    | Gained mutation: You have sharp toenails. [potion of
                  | mutation]
 57135 | Zot:5    | Killed an ancient lich
 57180 | Zot:5    | Noticed an ancient lich
 57187 | Zot:5    | Killed an ancient lich
 57227 | Zot:5    | Reached XP level 27. HP: 249/249 MP: 30/30
 57557 | Zot:5    | Gained mutation: You possess an exceptional clarity of
                  | mind. [an orb of fire]
 57558 | Zot:5    | Killed an orb of fire
 57657 | Zot:5    | Got the Orb of Zot
 58135 | D:3      | Noticed Xyustremi the pandemonium lord
 58146 | D:3      | Killed Xyustremi the pandemonium lord
 58227 | D:$      | Escaped with the Orb!

Illustrated notes

Levels and vault maps discovered:
D:1:      amcnicky_arrival_flooded_fountain, layout_loops_cross,
          basic_ecumenical_altar
D:2:      layout_basic, uniq_jessica, uniq_sigmund
D:3:      layout_basic, serial_rivers, chequers_serial_rivers_micro_b,
          chequers_serial_rivers_room_b, chequers_serial_rivers_micro_d,
          chequers_serial_rivers_large_a
D:4:      layout_loops_cross, dk_yredelemnul_ordeal,
          gammafunk_temple_overflow_statue, uniq_eustachio, uniq_duvessa,
          uniq_natasha, uniq_edmund
D:5:      layout_cave_pools, serial_shops, nicolae_shop_hallway_plus,
          minmay_misc_feat_hallway
D:6:      layout_cave_pods, lemuel_tele_altar,
          minmay_temple_entry_gardened_gates
D:7:      wad_river_or_something, layout_cave_pools, patterned_corridor
D:8:      minmay_ornate_pinched, layout_cave_pods, amcnicky_altar_gilded,
          serial_shops, nicolae_shop_statue_plus, enter_bailey_6,
          serial_bayou_crossing, uniq_erica
D:9:      layout_loops_ring, grunt_temple_overflow_open
D:10:     layout_loops_ring, mainiacjoe_overflow_24_doors, lair_entry_dummy,
          david_orc_2
D:11:     layout_small_grid, nicolae_uskayaw_en_pointe
D:12:     kennysheep_ambush_hall, layout_grid_maze, nicolae_fountain_basement,
          uniq_erolcha
D:13:     layout_gridville
D:14:     layout_gridville, david_vaults_2, serial_rivers,
          chequers_serial_rivers_small_3, chequers_serial_rivers_micro_b,
          chequers_serial_rivers_room_a, chequers_serial_rivers_micro_b,
          chequers_serial_rivers_micro_c, nrook_guardian_serpent_double
D:15:     gammafunk_depths_entry_grave, layout_gridville,
          portal_ice_cave_entry_pillars_three, skrybe_limestone_x, uniq_louise
Temple:   nicolae_temple_x_marks_the_god
Lair:1:   layout_gridlike, hangedman_tree_tricks
Lair:2:   layout_chaotic_city
Lair:3:   layout_roguey, minmay_shoals_entry_lonely_mermaid,
          guppyfry_snake_entry_garden, grunt_forest_large_clearings,
          uniq_gastronok
Lair:4:   layout_misc_corridors, minmay_slime_entry_oklob_open, special_room
          [special_room_bee], infiniplex_staircase_pool_2, grunt_megastairs_4
Lair:5:   minmay_lair_end_frog_pond, layout_regular_city,
          infiniplex_staircase_pool, uniq_rupert
Shoals:1: layout_shoals
Shoals:2: layout_shoals, ebering_ghost_davey_jones, lemuel_altar_in_water
Shoals:3: layout_shoals, nicolae_shoals_kraken_intersection
Shoals:4: shoals_end_hangedman, layout_shoals, shoals_ilsuiw_ice, serial_shops,
          nicolae_shop_tiny_waterfront
Snake:1:  layout_honeycomb, serial_shops, bzr_entry_water
Snake:2:  layout_chambers, grunt_ministairs_13, st_stairs_2, grunt_megastairs_1
Snake:3:  layout_onion, nicolae_snake_naga_rites, serial_bayou_shore_b,
          uniq_vashnia
Snake:4:  snake_pit_salamanders_mu, layout_onion
Orc:1:    layout_caves, serial_shops, nicolae_shop_behind_doors, uniq_sonja
Orc:2:    kennysheep_orc_mage_school, layout_caves
Elf:1:    nicolae_elf_arrival_dilemma, layout_loops_corners, serial_shops,
          nicolae_shop_overgrown_old_shop, orc_legates
Elf:2:    elven_hall_of_blades_hangedman_alternative
          [nicolae_vaults_blade_armed_guards], layout_rooms, grunt_megastairs_2,
          minmay_shop_star
Elf:3:    grunt_elf_hall_diamonds, layout_loops_ring, serial_shops,
          nicolae_shop_pleasant_corner_grove
Vaults:1: portal_desolation_entry_salt, nicolae_vaults_quartermaster,
          v_pattern_4, nicolae_vaults_storage_closets_1,
          hangedman_vaults_slither, nicolae_vaults_diamond_1,
          nicolae_vaults_hallways_thing, vaults_room_grunt_arrival_ludios,
          nicolae_vaults_mini_display_case, nicolae_vaults_what_the_h,
          nicolae_vaults_swerve, nicolae_vaults_variable_pillar_hall,
          v_alt_pattern_3, nicolae_vaults_little_squares_1,
          layout_vaults_omnibox
Vaults:2: gammafunk_sealed_library, v_misc_16, hangedman_vaults_variations,
          v_alt_pattern_5, v_misc_31, nicolae_vaults_wrenched, v_misc_5,
          v_alt_pattern_2, v_misc_24, nicolae_vaults_trapezoid_lopsided_1,
          layout_vaults_big_room
Vaults:3: advil_vaults_ghost_guards, minmay_crypt_entry_simple_statues,
          grunt_vaults_swirl, ontoclasm_vaults_eye, v_misc_4,
          vaults_mumra_hexcomb, vaults_dpeg_hooks, v_misc_4, v_misc_24, st_eye,
          nicolae_vaults_theta, vaults_room_boxed, v_misc_16,
          vaults_room_semicircle, nicolae_vaults_trapezoid_4,
          nicolae_vaults_tetromino_Z_2, nicolae_vaults_trapezoid_lopsided_2,
          layout_vaults_maze_bifur, serial_shops, nicolae_lakefront_shop
Vaults:4: hangedman_vaults_maws, nicolae_vaults_trapezoid_1,
          hangedman_vaults_trim, nicolae_vaults_lightning_bolt,
          vaults_room_corners, nicolae_vaults_storing_the_good_stuff,
          nicolae_vaults_surprise_closet, vaults_dpeg_cross,
          vaults_room_octagon, nicolae_vaults_trapezoid_3, v_misc_12,
          nicolae_vaults_double_plus_2, nicolae_vaults_closet_pinwheel_6,
          nicolae_vaults_house_2, layout_vaults_omnicross
Depths:1: layout_gridlike, nrook_mini_vaults, grunt_mini_vestibule,
          abyss_entry_flame_altar, kilobyte_rumbling_trees, uniq_enchantress
Depths:2: minmay_mutant_horseshoe, layout_gridville, rand_demon_pan_entry_8,
          serial_rivers, chequers_serial_rivers_micro_a,
          chequers_serial_rivers_micro_d, chequers_serial_rivers_room_a,
          chequers_serial_rivers_room_a, hell_entry,
          nemelex_xobeh_ov_fountains_minmay
Depths:3: minmay_the_grid_3x3 [minmay_the_grid_pillar_ring,
          minmay_the_grid_all_tris, minmay_the_grid_gridbox,
          minmay_the_grid_slots, minmay_the_grid_empty,
          minmay_the_grid_small_cups, minmay_the_grid_fan,
          minmay_the_grid_broken_lines, minmay_the_grid_prize_trominoes],
          layout_basic, enter_ziggurat_c, pan_entry, abyss_entry,
          pf_hell_entry_great_geh, bloody_trog
Depths:4: evilmike_zot_entry_basic, layout_cave_shapes, abyss_entry_crystal,
          serial_sigils_hangedman_scratch, grunt_hell_entry_dis_grunt,
          gammafunk_ghost_cemetery, serial_bayou_shore_a, uniq_xtahua
Zot:1:    layout_basic, uniq_josephina
Zot:2:    layout_gridville
Zot:3:    nicolae_moth_party, layout_basic, lemuel_golem_globe,
          grunt_megastairs_3
Zot:4:    layout_cathedral_of_symmetry
Zot:5:    layout_cathedral_of_symmetry

Skill      XL: |  1  2  3  4  5  6  7  8  9 10 11 12 13 14 15 16 17 18 19 20 21 22 23 24 25 26 27 |
---------------+----------------------------------------------------------------------------------+-----
Fighting       | 3 4 5 7 8 10 11 15 16 21 26 27 | 27.0
Dodging        | 2 5 8 10 14 15 17 20 21 | 21.0
Long Blades    | 2 8 11 13 15 16 18 19 27 | 27.0
Evocations     | 1 5 |  5.4
Shields        | 2 5 11 16 17 | 17.0
Armour         | 5 8 10 14 18 20 24 25 | 25.5
Throwing       | 4 6 7 12 18 | 18.5
Invocations    | 5 7 9 10 | 10.0
Short Blades   | |  2.1
Stealth        | |  3.6

Action                     |  1- 3 |  4- 6 |  7- 9 | 10-12 | 13-15 | 16-18 | 19-21 | 22-24 | 25-27 || total
---------------------------+-------+-------+-------+-------+-------+-------+-------+-------+-------++-------
  Melee: Dagger            |    20 |       |       |       |       |       |       |       |       ||    20
         Short sword       |    65 |   124 |   252 |       |       |       |       |       |       ||   441
         Punch             |       |     1 |     3 |       |       |       |       |       |       ||     4
         Long sword        |       |       |   205 |   180 |       |       |       |       |       ||   385
         Scimitar          |       |       |       |   404 |  1010 |  1413 |   103 |       |       ||  2930
         Rapier            |       |       |       |       |       |    26 |    54 |     7 |     9 ||    96
         Double sword      |       |       |       |       |       |       |   870 |  1344 |   810 ||  3024
  Throw: Dart              |     4 |    29 |    49 |    60 |    46 |       |       |       |       ||   188
         Stone             |       |       |     9 |       |       |       |       |       |       ||     9
         Boomerang         |       |       |       |     1 |    28 |    61 |    88 |    69 |   253 ||   500
         Javelin           |       |       |       |       |       |       |       |       |     8 ||     8
         Throwing net      |       |       |       |       |       |       |       |       |     2 ||     2
 Invoke: Slouch            |       |       |       |       |     1 |     4 |    10 |     8 |       ||    23
         Temporal Distorti |       |       |       |       |     2 |     1 |     2 |     2 |     1 ||     8
Ability: Hop               |       |       |     4 |     4 |     2 |       |       |     1 |       ||    11
  Evoke: Wand              |       |       |     3 |    16 |    14 |    24 |       |     1 |     3 ||    61
         Lightning rod     |       |       |       |       |     5 |     6 |     1 |       |       ||    12
    Use: Scroll            |     1 |     2 |     5 |     4 |    19 |     5 |    10 |     3 |     5 ||    54
         Potion            |       |       |     6 |     1 |     7 |    13 |     2 |     5 |     9 ||    43
   Stab: Sleeping          |    13 |     2 |     4 |     6 |     6 |     5 |       |       |       ||    36
         Distracted        |       |     1 |       |     1 |     1 |     3 |       |       |       ||     6
         Paralysed         |       |       |       |     7 |     2 |     7 |       |       |       ||    16
         Held in net/web   |       |       |       |       |       |     1 |       |       |     1 ||     2
         Invisible         |       |       |       |       |       |     4 |       |    18 |    11 ||    33
         Confused          |       |       |       |       |       |     2 |       |       |       ||     2
 Armour: Robe              |     5 |     7 |     8 |       |       |       |       |       |       ||    20
         Ring mail         |       |       |    21 |    47 |    20 |       |       |       |       ||    88
         Chain mail        |       |       |    13 |     1 |       |       |       |       |       ||    14
         Scale mail        |       |       |       |       |    65 |   145 |       |       |       ||   210
         Crystal plate arm |       |       |       |       |       |     7 |   142 |   217 |   142 ||   508
  Dodge: Dodged            |    22 |    23 |   170 |   212 |   495 |   732 |   275 |   581 |   366 ||  2876
  Block: Other             |       |     5 |    27 |       |       |       |       |       |       ||    32
         Buckler           |       |       |   109 |   241 |   568 |    45 |       |       |       ||   963
         Reflection        |       |       |     4 |    15 |    21 |   163 |   235 |    97 |    12 ||   547
         Tower shield      |       |       |       |       |       |  1744 |  1415 |  2056 |   940 ||  6155
